← All builds
Front / Cortex / Economy first / OBSERVED BUILD

Standard front

Cortex Front build order · Supreme Isthmus

Standard economy-first Front play: Bot Lab immediately, Advanced Metal Extractor around 9:23, then a mixed Thug/Grunt/Aggravator army sent up to defend the wider gap and move to middle as a line.

#eco #team support · 445 distinct matches · 138 players · 65% of Cortex Front games · team won 50% of 462 · Recently observed

HOW TO PLAY IT

Key timing: Bot Lab by 0:40

  1. Open 2 mex into early Bot Lab.
  2. Finish Bot Lab and start Thug, Grunt, Aggravator mix.
  3. Send first units to coast to stop leaks, not straight to mid.
  4. Transition into Advanced Metal Extractor as eco scales.
  5. Move units up as a line toward middle to hold the wider gap.

Phase by phase

TYPICAL OF ITS 445 GAMES
  1. 1
  2. 2
  3. 3
PLAY THE OPENING

Follow the example game's first 6:00 step by step: what to build now, what comes next, and where it goes. At 1× it keeps pace with your own game.

  1. 1

    Up to the Bot Lab

    Economy
    • Metal Extractor2Mex
    Order
    1. Bot LabBot Lab after 2 mexdone ~0:40, middle half 0:34–0:46

    Some games also: wind (41%)

    By 0:23 in all: 2 mex

    The example game in this phase · 3 steps
    1. Mex ×2
    2. Wind ×2
    3. Bot LabBot Labdone 0:47 · typical 0:40
  2. 2

    Bot Lab to 5:00

    Economy
    • Metal Extractor4Mex
    • Wind Turbine4Wind
    Builders
    • Construction Bot3 Con bot
    • Graverobber2 Graverobber
    Army
    • Guard2 Guard
    • Thug9 Thug
    • Aggravator5 Aggravator
    • Grunt4 Grunt

    Some games also: con turret (45%) · Radar Tower (35%)

    By 5:00 in all: 6 mex · 5 wind

    The example game in this phase · 29 steps
    1. Wind
    2. GruntGrunt ×2
    3. Wind
    4. GruntGrunt ×3
    5. GraverobberGraverobber
    6. Construction BotCon bot
    7. GraverobberGraverobber
    8. Mex
    9. Construction BotCon bot
    10. GraverobberGraverobber
    11. Construction BotCon bot
    12. ThugThug
    13. Mex
    14. ThugThug ×2
    15. Energy storage
    16. ThugThug
    17. Mex
    18. ThugThug
    19. Mex
    20. AggravatorAggravator
    21. GraverobberGraverobber
    22. Construction BotCon bot
    23. TrasherTrasher
    24. ThugThug
    25. Con turret
    26. ThugThug ×4
    27. AggravatorAggravator
    28. GraverobberGraverobber
    29. Construction BotCon bot
  3. 3

    5:00 to 10:00

    Economy
    • Metal Extractor1Mex
    • Wind Turbine17Wind
    Builders
    • Construction Turret2 Con turret
    • Graverobber2 Graverobber
    • Construction Bot1 Con bot
    Army
    • Guard1 Guard
    • Grunt8 Grunt
    • Thug4 Thug
    • Aggravator1 Aggravator

    Some games also: Radar Tower (43%) · converter (36%) · energy storage (36%) · Twin Guard (33%) · eat Bot Lab (37%)

    By 10:00 in all: 7 mex · 24 wind · 3 con turret

    The example game in this phase · 171 steps
    1. TrasherTrasher
    2. ThugThug ×5
    3. AggravatorAggravator
    4. GraverobberGraverobber
    5. Construction BotCon bot
    6. TrasherTrasher
    7. ThugThug ×2
    8. AggravatorAggravator
    9. ThugThug
    10. Mex
    11. ThugThug ×3
    12. AggravatorAggravator
    13. ThugThug
    14. AggravatorAggravator
    15. Wind
    16. AggravatorAggravator
    17. GraverobberGraverobber
    18. Wind
    19. Construction BotCon bot
    20. Wind
    21. TrasherTrasher
    22. ThugThug
    23. Wind
    24. ThugThug
    25. Wind
    26. ThugThug ×2
    27. Wind
    28. ThugThug
    29. AggravatorAggravator
    30. Wind
    31. GraverobberGraverobber
    32. Construction BotCon bot
    33. Wind
    34. TrasherTrasher
    35. Wind
    36. ThugThug ×2
    37. Wind
    38. ThugThug ×2
    39. Wind
    40. ThugThug
    41. AggravatorAggravator
    42. Wind
    43. GraverobberGraverobber
    44. Construction BotCon bot
    45. Wind
    46. CastroCastro
    47. TrasherTrasher
    48. Radar TowerRadar Tower
    49. Wind
    50. ThugThug ×2
    51. Wind
    52. ThugThug ×2
    53. GuardGuard
    54. Wind
    55. ThugThug
    56. AggravatorAggravator
    57. Wind
    58. GuardGuard
    59. GraverobberGraverobber
    60. Construction BotCon bot
    61. Wind
    62. TrasherTrasher
    63. Wind
    64. ThugThug ×2
    65. Wind
    66. ThugThug ×2
    67. Wind
    68. ThugThug
    69. Mex
    70. AggravatorAggravator
    71. Wind
    72. GraverobberGraverobber
    73. Construction BotCon bot
    74. Wind
    75. Con turret
    76. TrasherTrasher
    77. Wind
    78. ThugThug ×2
    79. Dragon's MawDragon's Maw
    80. ThugThug
    81. Wind
    82. GuardGuard
    83. ThugThug
    84. GuardGuard
    85. Dragon's MawDragon's Maw
    86. Wind
    87. ThugThug
    88. Dragon's MawDragon's Maw
    89. Converter
    90. AggravatorAggravator
    91. Wind
    92. Converter
    93. GraverobberGraverobber
    94. Converter
    95. Construction BotCon bot
    96. Wind
    97. Converter
    98. TrasherTrasher
    99. ThugThug
    100. Wind
    101. Converter
    102. ThugThug
    103. Converter
    104. ThugThug
    105. Wind
    106. ThugThug
    107. Converter
    108. ThugThug
    109. Wind
    110. Converter
    111. AggravatorAggravator
    112. GraverobberGraverobber
    113. Wind
    114. Converter
    115. Construction BotCon bot
    116. TrasherTrasher
    117. Converter
    118. Wind
    119. ThugThug ×2
    120. Converter
    121. ThugThug
    122. Wind
    123. ThugThug
    124. Converter
    125. ThugThug
    126. Wind
    127. Converter
    128. AggravatorAggravator
    129. Converter
    130. GraverobberGraverobber
    131. Wind ×2
    132. Construction BotCon bot
    133. Con turret
    134. Converter
    135. Wind ×2
    136. Mex
    137. Converter
    138. Wind ×2
    139. TrasherTrasher
    140. GuardGuard
    141. Converter
    142. ThugThug
    143. Wind ×2
    144. ThugThug
    145. Wind
    146. Converter
    147. GuardGuard
    148. Con turret
    149. ThugThug
    150. Wind
    151. Converter
    152. Con turret
    153. GuardGuard
    154. Wind ×2
    155. ThugThug
    156. Converter
    157. Wind
    158. ThugThug
    159. Wind
    160. AggravatorAggravator
    161. Converter
    162. Wind ×2
    163. GraverobberGraverobber
    164. Wind
    165. Advanced Metal ExtractorT2 mexnot finished by 15:00
    166. Wind
    167. Converter
    168. Construction BotCon bot
    169. Wind ×2
    170. TrasherTrasher
    171. Wind

Counts are medians over the build's games: half of them build more, half fewer. The example game is RG22's (30 OS, 21/08/2026); pick another.

Team trades

IN AT LEAST 30% OF ITS GAMES

You hand over

Nothing regular.

You get

  • Tidal Generator4 Tidal from Pondfirst at 0:17 · in 64% of games
  • Advanced Construction Bot1 T2 con bot from Geo or Techfirst at 7:46 · in 62% of games

How it plays out

Typical game of this build, running totals by minute

Metal produced

010k20k30k
0:005:0010:0015:00

metal

Enemy metal destroyed

02.5k5k7.5k
0:005:0010:0015:00

metal

Own metal lost

05k10k
0:005:0010:0015:00

metal

462 games.

Show as table
ByMetal produced: This buildEnemy metal destroyed: This buildOwn metal lost: This build
1:0033100
2:0085400
3:00162510186
4:002704386341
5:003848916838
6:00509915851559
7:00638823642474
8:00771130943385
9:00914237694271
10:001074145005077
11:001262251885987
12:001450856906925
13:001681462067650
14:001896966488566
15:002060472399349
WHAT THE NUMBERS SAY

Standard front play wins less than half its games, with losses slightly outpacing kills through the first 15 minutes.

  • + Kills reach 7200 by 15:00 despite the safer starting position.
  • + T2 constructor reached in 85% of games, solid tech follow-through.
  • − Team wins under half of games (45%), the weakest shown here.
  • − Own metal lost (9484) exceeds enemy metal destroyed (7200) by 15:00.
THE EXAMPLE YOU ARE READING

RG22

30.0 OS · 21/08/2026

Open source match ↗

4 received units · includes a constructor
241 metal received · 30552 energy received

Allied construction assistance is unknown. Timings are observations, not a promise of solo reproducibility.

Typical milestones

Bot Lab0:40Middle 50%: 0:34–0:46 · n=449
Advanced Metal Extractor9:24Middle 50%: 8:19–10:45 · n=340

Played most by

iLike2Eco31games of this buildTheGeneraI27games of this buildSauceDispenser27games of this buildwatermeloans19games of this buildHummell15games of this build